 Dungeon Crawl Stone Soup version 0.24.0-41-g2ae2f7f1be (webtiles) character file.

Game seed: 13868227343800304957, levelgen mode: deterministic

7715 FishyPogo the Magician (level 11, -1/75 HPs)
             Began as a Gnoll Skald on Dec 15, 2019.
             Was an Elder of Hepliaklqana.
             Slain by Snorg (14 damage)
             ... on level 10 of the Dungeon.
             The game lasted 00:40:53 (8157 turns).

FishyPogo the Magician (Gnoll Skald)                Turns: 8157, Time: 00:40:54

Health: -1/75      AC:  8    Str: 16    XL:     11   Next: 19%
Magic:  21/22      EV: 16    Int: 16    God:    Hepliaklqana [****..]
Gold:   643        SH:  0    Dex: 15    Spells: 14/25 levels left

rFire    + . .     SeeInvis .   a - +3 short sword (venom)
rCold    . . .     Gourm    .   (no shield)
rNeg     . . .     Faith    .   z - +0 leather armour
rPois    .         Spirit   .   C - +0 hat
rElec    .         Reflect  .   (no cloak)
rCorr    .         Harm     .   r - +0 pair of gloves
MR       .....                  c - +0 pair of boots
Stlth    +++.......             D - amulet of rage
HPRegen  0.22/turn              k - +2 ring of protection
MPRegen  0.18/turn              i - ring of protection from fire

@: shrouded, marked
A: distributed training, reduced essence, fangs 1, strong nose
a: Recall Ancestor, Ancestor Identity, Transference, Idealise, Renounce
Religion, Evoke Berserk Rage


You were on level 10 of the Dungeon.
You worshipped Hepliaklqana.
Hepliaklqana was greatly pleased with you.
You were not hungry.

You visited 1 branch of the dungeon, and saw 10 of its levels.
You also visited: Sewer.

You collected 643 gold pieces.

Inventory:

Hand Weapons
 a - a +3 short sword of venom (weapon)
 b - a +0 short sword of holy wrath
Missiles
 l - 8 curare-tipped darts
 n - 273 stones
 v - 6 boomerangs (quivered)
 H - 2 javelins
 O - a throwing net
Armour
 c - a +0 pair of boots (worn)
 q - a +2 shield
 r - a +0 pair of gloves (worn)
 z - a +0 leather armour (worn)
 C - a +0 hat (worn)
Magical Staves
 p - an uncursed staff of death
Jewellery
 i - a ring of protection from fire (right hand)
 k - a +2 ring of protection (left hand)
 D - an amulet of rage (around neck)
Wands
 g - a wand of scattershot (8)
 G - a wand of flame (24)
 K - a wand of enslavement (4)
 M - a wand of iceblast (5)
Scrolls
 e - 7 scrolls of identify
 h - 4 scrolls of fog
 j - a scroll of blinking {unknown}
 m - 2 scrolls of random uselessness {unknown}
 y - 4 scrolls of teleportation {unknown}
 F - 2 scrolls of remove curse
 J - a scroll of amnesia
 L - 3 scrolls of enchant armour
 N - a scroll of enchant weapon
Potions
 f - a potion of ambrosia {unknown}
 o - 3 potions of brilliance
 s - a potion of curing
 t - 3 potions of haste
 u - 2 potions of invisibility
 w - 4 potions of heal wounds
 x - a potion of lignification {unknown}
 A - a potion of agility
 B - 3 potions of mutation
 E - a potion of might
Comestibles
 d - 22 rations


   Skills:
 + Level 7.6 Fighting
 + Level 7.6 Short Blades
 + Level 5.9 Long Blades
 + Level 5.9 Axes
 + Level 5.9 Maces & Flails
 + Level 5.9 Polearms
 + Level 5.9 Staves
 + Level 5.9 Slings
 + Level 5.9 Bows
 + Level 5.9 Crossbows
 + Level 5.9 Throwing
 + Level 6.5 Armour
 + Level 7.6 Dodging
 + Level 5.9 Stealth
 + Level 5.9 Shields
 + Level 5.9 Unarmed Combat
 + Level 7.9 Spellcasting
 + Level 4.9 Conjurations
 + Level 4.9 Hexes
 + Level 7.4 Charms
 + Level 4.9 Summonings
 + Level 4.9 Necromancy
 + Level 4.9 Translocations
 + Level 4.9 Transmutations
 + Level 4.9 Fire Magic
 + Level 4.9 Ice Magic
 + Level 4.9 Air Magic
 + Level 4.9 Earth Magic
 + Level 4.9 Poison Magic
 + Level 6.5 Invocations
 + Level 5.9 Evocations


You had 14 spell levels left.
You knew the following spells:

 Your Spells              Type           Power        Failure   Level  Hunger
h - Regeneration          Chrm/Necr      ####......   3%          3    ##.....
n - Spectral Weapon       Hex/Chrm       ####....     3%          3    ##.....
p - Shroud of Golubria    Chrm/Tloc      ####..       1%          2    None
u - Song of Slaying       Chrm           ####....     1%          2    None
y - Infusion              Chrm           ####         1%          1    None

Your spell library contained the following spells:

 Spells                   Type           Power        Failure   Level  Hunger
 Animate Skeleton         Necr           N/A          1%          1    None
 Apportation              Tloc           ###...       1%          1    None
 Confusing Touch          Hex            ###...       1%          1    None
 Summon Small Mammal      Summ           ###.         1%          1    None


Dungeon Overview and Level Annotations

Branches:
Dungeon (10/15)            Temple (0/1) D:7            Lair (0/6) D:8
  Sewer (visited)
    Orc: D:9-12

Altars:
Dithmenos
Elyvilon
Hepliaklqana
Sif Muna
Trog
Vehumet
Wu Jian
Zin

Shops:
D:10 [

Annotations:
D:3 1 runed translucent door, iamserjio's ghost, amateur OpWn
D:10 Harold; Snorg


Innate Abilities, Weirdness & Mutations

Your experience applies equally to all skills.
You have very sharp teeth.
Your uncanny sense of smell can sniff out nearby items.
Your life essence is reduced to manifest your ancestor. (-10% HP)


Message History

Snorg rages.
Your shroud bends Snorg's attack away!!
Snorg misses you.
Your shroud bends Snorg's attack away!
Snorg bites you!!
Your shroud falls apart!
Snorg claws you. Snorg barely misses you.
Casting: Shroud of Golubria (safe; 1% risk of failure)
Confirm with . or Enter, or press ? or * to list all spells.
Space distorts slightly along a thin shroud covering your body.
Your shroud bends Snorg's attack away.
Snorg claws you but does no damage. Snorg barely misses you.
Snorg closely misses you. Snorg claws you but does no damage.
Your shroud bends Snorg's attack away.
Snorg completely misses you. Snorg closely misses you.
Snorg completely misses you.
Harold hits you with a +3 long sword of slicing!
Snorg bites you!
* * * LOW HITPOINT WARNING * * *
Snorg claws you!
You die...

#......#.###..........
######.....................
####.#.###....................
.......#................#........
.......................## .......
.................###...###.......
.#.#....................#........
...##...............#.#..........
........#......<@T...##..........
.#......#...##...@...#..........#
##..#.......##.......#..........#
....#........#...................
.#.)....#....##...##.............
.#..........#.....####.###.....##
..#....###........# #............
..###......##......#.............
.#.>....).).#....................


You could see Snorg (berserk) and Harold.

Vanquished Creatures
  Gastronok (D:8)
  A two-headed ogre (D:10)
  Joseph (D:7)
  Prince Ribbit (D:5)
  Grinder (D:5)
  A hippogriff (D:10)
  2 yaks (D:6)
  A wraith (D:10)
  2 sky beasts (D:5)
  2 orc warriors
  An ice beast (D:10)
  A phantom (D:7)
  2 ogres
  A centaur (D:6)
  4 bullfrogs
  3 scorpions
  3 killer bees (D:7)
  A howler monkey (D:4)
  A centaur zombie (D:6)
  2 crimson imps (D:5)
  A bullfrog zombie (D:5)
  2 hounds
  2 jellies
  An orc priest (D:9)
  3 orc wizards
  2 bullfrog skeletons
  2 iguanas
  A worker ant (D:10)
  2 hound skeletons
  A worker ant zombie (D:9)
  4 gnolls
  9 adders
  A river rat (D:4)
  2 shadow imps
  2 adder skeletons
  2 worms
  8 leopard geckos
  31 orcs
  6 ball pythons
  9 bats
  5 giant cockroaches
  10 goblins
  3 hobgoblins
  2 jackals (D:3)
  2 quokkas
  6 frilled lizards
  7 kobolds
  A quokka skeleton (D:6)
  2 rats
161 creatures vanquished.

Vanquished Creatures (collateral kills)
  Maurice (D:9)
  Sigmund (D:6)
  2 yaks (D:6)
  2 sky beasts
  5 ogres
  A bullfrog (D:9)
  3 killer bees (D:7)
  A hound (D:7)
  A quasit (D:6)
  A bullfrog skeleton (D:6)
  A gnoll shaman (D:9)
  3 orc wizards
  A worker ant (D:10)
  A killer bee zombie (D:6)
  A hound skeleton (D:4)
  2 gnolls
  2 adders
  An ooze (D:4)
  An adder zombie (D:6)
  A worm (D:3)
  2 leopard geckos
  4 orcs
  A ball python (Sewer)
  A giant cockroach (Sewer)
  2 goblins (D:3)
  A quokka (D:6)
  2 frilled lizards (Sewer)
45 creatures vanquished.

Vanquished Creatures (others)
  4 battlemagi
  3 ancestors
  3 spectral weapons
10 creatures vanquished.

Grand Total: 216 creatures vanquished

Notes
Turn   | Place    | Note
-------+----------+-------------------------------------------
     0 | D:1      | FishyPogo the Gnoll Skald began the quest for the Orb.
     0 | D:1      | Reached XP level 1. HP: 20/20 MP: 6/6
   187 | D:1      | Reached XP level 2. HP: 24/26 MP: 7/7
   224 | D:1      | Learned a level 2 spell: Song of Slaying
   227 | D:1      | Learned a level 2 spell: Shroud of Golubria
   632 | D:2      | Reached skill level 5 in Spellcasting
   632 | D:2      | Reached XP level 3. HP: 23/31 MP: 7/9
   637 | D:2      | Learned a level 3 spell: Regeneration
   641 | D:2      | Learned a level 3 spell: Spectral Weapon
   861 | D:2      | Reached skill level 1 in Invocations
  1356 | D:3      | Found a hazy altar of Hepliaklqana.
  1363 | D:3      | Became a worshipper of Hepliaklqana the Forgotten
  1529 | D:3      | Reached skill level 1 in Long Blades
  1529 | D:3      | Reached skill level 1 in Axes
  1529 | D:3      | Reached skill level 1 in Maces & Flails
  1529 | D:3      | Reached skill level 1 in Polearms
  1529 | D:3      | Reached skill level 1 in Staves
  1529 | D:3      | Reached skill level 1 in Slings
  1529 | D:3      | Reached skill level 1 in Bows
  1529 | D:3      | Reached skill level 1 in Crossbows
  1529 | D:3      | Reached skill level 1 in Throwing
  1529 | D:3      | Reached skill level 1 in Stealth
  1529 | D:3      | Reached skill level 1 in Shields
  1529 | D:3      | Reached skill level 1 in Unarmed Combat
  1529 | D:3      | Reached skill level 1 in Evocations
  1535 | D:3      | Reached XP level 4. HP: 28/34 MP: 9/11
  1578 | D:3      | Noticed a sky beast
  1597 | D:3      | Killed a sky beast
  1597 | D:3      | Reached skill level 1 in Conjurations
  1597 | D:3      | Reached skill level 1 in Hexes
  1597 | D:3      | Reached skill level 1 in Summonings
  1597 | D:3      | Reached skill level 1 in Necromancy
  1597 | D:3      | Reached skill level 1 in Translocations
  1597 | D:3      | Reached skill level 1 in Transmutations
  1597 | D:3      | Reached skill level 1 in Fire Magic
  1597 | D:3      | Reached skill level 1 in Ice Magic
  1597 | D:3      | Reached skill level 1 in Air Magic
  1597 | D:3      | Reached skill level 1 in Earth Magic
  1597 | D:3      | Reached skill level 1 in Poison Magic
  1597 | D:3      | Reached XP level 5. HP: 38/38 MP: 7/12
  1971 | D:3      | Found a runed translucent door.
  1971 | D:3      | Noticed iamserjio's ghost (amateur OpWn)
  2186 | D:4      | Reached XP level 6. HP: 33/45 MP: 7/13
  2219 | D:4      | Reached * piety under Hepliaklqana
  2249 | D:4      | Reached skill level 5 in Fighting
  2249 | D:4      | Reached skill level 5 in Short Blades
  2249 | D:4      | Reached skill level 5 in Dodging
  2416 | D:4      | Found a glowing drain.
  2448 | Sewer    | Entered a sewer
  2676 | Sewer    | Reached XP level 7. HP: 27/50 MP: 7/15
  3518 | D:5      | Entered Level 5 of the Dungeon
  3618 | D:5      | Noticed Grinder
  3771 | D:5      | Killed Grinder
  3771 | D:5      | Reached XP level 8. HP: 34/56 MP: 9/16
  3784 | D:5      | Noticed Prince Ribbit
  3797 | D:5      | Killed Prince Ribbit
  3952 | D:5      | Reached ** piety under Hepliaklqana
  3953 | D:5      | Remembered your ancestor ಠ╭╮ಠ as a battlemage
  4143 | D:5      | You fall into a shaft and drop 1 floor!
  4162 | D:6      | Noticed a yak
  4164 | D:6      | Noticed a yak
  4165 | D:6      | Noticed a yak
  4167 | D:6      | Noticed a yak
  4171 | D:6      | Killed a yak
  4178 | D:6      | Killed a yak
  4209 | D:6      | Killed a yak
  4209 | D:6      | Reached XP level 9. HP: 19/62 MP: 1/18
  4348 | D:6      | Found a bloodstained altar of Trog.
  4750 | D:6      | Noticed Sigmund
  4765 | D:6      | Killed Sigmund
  4765 | D:6      | Reached skill level 5 in Armour
  5599 | D:7      | Reached *** piety under Hepliaklqana
  5633 | D:7      | Noticed Joseph
  5647 | D:7      | Killed Joseph
  5647 | D:7      | Reached skill level 5 in Invocations
  5662 | D:7      | Found a staircase to the Ecumenical Temple.
  5739 | D:7      | Reached XP level 10. HP: 51/69 MP: 16/20
  6388 | D:8      | Found a radiant altar of Vehumet.
  6391 | D:8      | Found a white marble altar of Elyvilon.
  6394 | D:8      | Found a glowing silver altar of Zin.
  6492 | D:8      | Found a staircase to the Lair.
  6535 | D:8      | Found an ornate altar of the Wu Jian Council.
  6535 | D:8      | Found a shimmering blue altar of Sif Muna.
  6540 | D:8      | Found a shadowy altar of Dithmenos.
  6542 | D:8      | Found a faded altar of an unknown god.
  6544 | D:8      | Found a faded altar of an unknown god.
  6671 | D:8      | Noticed Gastronok
  6691 | D:8      | Killed Gastronok
  6691 | D:8      | Reached skill level 5 in Long Blades
  6691 | D:8      | Reached skill level 5 in Axes
  6691 | D:8      | Reached skill level 5 in Maces & Flails
  6691 | D:8      | Reached skill level 5 in Polearms
  6691 | D:8      | Reached skill level 5 in Staves
  6691 | D:8      | Reached skill level 5 in Slings
  6691 | D:8      | Reached skill level 5 in Bows
  6691 | D:8      | Reached skill level 5 in Crossbows
  6691 | D:8      | Reached skill level 5 in Throwing
  6691 | D:8      | Reached skill level 5 in Stealth
  6691 | D:8      | Reached skill level 5 in Shields
  6691 | D:8      | Reached skill level 5 in Unarmed Combat
  6691 | D:8      | Reached skill level 5 in Evocations
  7057 | D:9      | Reached **** piety under Hepliaklqana
  7368 | D:9      | Noticed Maurice
  7384 | D:9      | Killed Maurice
  7742 | D:10     | Entered Level 10 of the Dungeon
  7742 | D:10     | Noticed a two-headed ogre
  7749 | D:10     | Killed a two-headed ogre
  7749 | D:10     | Reached XP level 11. HP: 75/75 MP: 18/22
  7932 | D:10     | Found Oqaurebri's Armour Shoppe.
  8128 | D:10     | Noticed Snorg
  8132 | D:10     | Noticed Harold
  8157 | D:10     | Slain by Snorg

Levels and vault maps discovered:
D:1:      onia_arrival_pentagram, layout_rooms
D:2:      layout_basic, first_ration, dk_vineyard_3,
          chequers_serial_rivers_small_3
D:3:      layout_rooms, nicolae_overflow_crystal_walls, gammafunk_ghost_grave,
          minmay_hedge_maze
D:4:      layout_basic, portal_sewer_entry_b
D:5:      layout_loops_ring, uniq_prince_ribbit1, uniq_grinder
D:6:      layout_gridville, basic_altar, uniq_sigmund
D:7:      layout_basic, minmay_temple_entry_grid, uniq_joseph
D:8:      layout_cave_pods, grunt_temple_overflow_diamond,
          chequers_temple_overflow_minitemple, lair_entry_dummy, uniq_gastronok
D:9:      layout_basic, uniq_maurice
D:10:     layout_cave_pools, serial_shops, shop, uniq_snorg, uniq_harold

Skill      XL: |  1  2  3  4  5  6  7  8  9 10 |
---------------+-------------------------------+-----
Spellcasting   | 5 6 7 |  7.9
Invocations    | 1 2 3 4 5 6 |  6.5
Long Blades    | 1 2 3 4 5 |  5.9
Axes           | 1 2 3 4 5 |  5.9
Maces & Flails | 1 2 3 4 5 |  5.9
Polearms       | 1 2 3 4 5 |  5.9
Staves         | 1 2 3 4 5 |  5.9
Slings         | 1 2 3 4 5 |  5.9
Bows           | 1 2 3 4 5 |  5.9
Crossbows      | 1 2 3 4 5 |  5.9
Throwing       | 1 2 3 4 5 |  5.9
Stealth        | 1 2 3 4 5 |  5.9
Shields        | 1 2 3 4 5 |  5.9
Unarmed Combat | 1 2 3 4 5 |  5.9
Evocations     | 1 2 3 4 5 |  5.9
Conjurations   | 1 2 3 4 |  4.9
Hexes          | 1 2 3 4 |  4.9
Summonings     | 1 2 3 4 |  4.9
Necromancy     | 1 2 3 4 |  4.9
Translocations | 1 2 3 4 |  4.9
Transmutations | 1 2 3 4 |  4.9
Fire Magic     | 1 2 3 4 |  4.9
Ice Magic      | 1 2 3 4 |  4.9
Air Magic      | 1 2 3 4 |  4.9
Earth Magic    | 1 2 3 4 |  4.9
Poison Magic   | 1 2 3 4 |  4.9
Armour         | 3 4 5 6 |  6.5
Fighting       | 5 6 7 |  7.6
Short Blades   | 5 6 7 |  7.6
Dodging        | 5 6 7 |  7.6
Charms         | 6 7 |  7.4

Action                   |  1- 3 |  4- 6 |  7- 9 | 10-12 || total
-------------------------+-------+-------+-------+-------++-------
Melee: Dagger            |    88 |   133 |   154 |    94 ||   469
       Short sword       |     7 |       |       |    51 ||    58
       Bite              |    10 |    10 |    18 |    18 ||    56
       Punch             |     1 |       |     3 |     4 ||     8
       Mace              |       |     7 |    14 |     9 ||    30
       Unarmed           |       |       |     1 |       ||     1
Throw: Stone             |       |    18 |     4 |     4 ||    26
       Boomerang         |       |       |       |     3 ||     3
       Javelin           |       |       |       |     2 ||     2
 Cast: Infusion          |     4 |       |       |     3 ||     7
       Spectral Weapon   |     3 |     5 |    18 |    18 ||    44
       Song of Slaying   |     2 |     4 |     4 |     5 ||    15
       Shroud of Golubri |     1 |     5 |    12 |    12 ||    30
       Regeneration      |       |     2 |    10 |     5 ||    17
Invok: Recall Ancestor   |     1 |     1 |     2 |     2 ||     6
       Ancestor Identity |       |     3 |       |       ||     3
       Ancestor Life: Ba |       |       |     1 |       ||     1
       Transference      |       |       |     1 |       ||     1
  Use: Scroll            |       |     4 |     9 |       ||    13
 Stab: Sleeping          |     1 |     1 |     5 |     1 ||     8
       Distracted        |     1 |     1 |     6 |     3 ||    11
  Eat: Chunk             |     2 |     5 |    12 |     9 ||    28
Armor: Leather armour    |    16 |    37 |    25 |    27 ||   105
Dodge: Dodged            |    60 |    93 |    90 |   123 ||   366
Block: Shield            |       |     5 |       |       ||     5
